[Event "Early-Titled-Tuesday-Blitz-March-26-2024"]
[Site "Chess.com"]
[Date "2024.03.26"]
[Round "1"]
[White "TimGrutter03"]
[Black "lukazz029"]
[Result "1/2-1/2"]
[WhiteElo "2559"]
[BlackElo "1998"]
[TimeControl "180+1"]
[EndTime "8:08:04 PDT"]
[Termination "Game drawn by repetition"]

1. e4 c5 2. Nf3 d6 3. c3 Nf6 4. Be2 e6 5. O-O Qc7 6. Na3 a6 7. d3 Be7 8. h3 O-O 9. Re1 b5 10.
Nc2 Bb7 11. Bf1 Nbd7 12. Bf4 e5 13. Bg5 Rfe8 14. g3 Nf8 15. Bg2 Ne6 16. Bxf6 Bxf6 17. Ne3 g6 18. Qd2 h5 19. Rad1 Rad8 20. Qc2 Bg7 21.
a4 Bc6 22. axb5 axb5 23. Nd5 Qb7 24. Nd2 Bxd5 25. exd5 Nc7 26. c4 f5 27. b3 Ra8 28.
Ra1 Rxa1 29. Rxa1 e4 30. Re1 exd3 31. Rxe8+ Nxe8 32. Qxd3 bxc4 33. Nxc4 Qe7 34. Kf1 Bd4 35. g4 hxg4 36. hxg4 Qh4 37. Qe2 Kf8 38. gxf5 gxf5 39. Ne3 Qf4 40. Kg1 Bxe3 41. fxe3 Qe5 42. Qf3 Ke7 43.
Bh3 Ng7 44. Kg2 Qb2+ 45. Kg3 Qe5+ 46. Kh4 Qf6+ 47. Kg3 Qe5+ 48. Kg2 Qb2+ 49. Kh1 Qxb3 50. Bxf5 Nxf5 51. Qxf5 Qd1+ 52. Kh2 Qe2+ 53. Kh1 Qe1+ 54.
Kh2 Qe2+ 55. Kh1 Qe1+ 56. Kg2 Qe2+ 57. Kh1 1/2-1/2

[Event "Early-Titled-Tuesday-Blitz-March-26-2024"]
[Site "Chess.com"]
[Date "2024.03.26"]
[Round "1"]
[White "reevecanada"]
[Black "twitchTriniCupid"]
[Result "1-0"]
[WhiteElo "2667"]
[BlackElo "2335"]
[TimeControl "180+1"]
[EndTime "8:08:05 PDT"]
[Termination "reevecanada won by resignation"]

1. b3 c5 2. Bb2 Nf6 3. d3 d5 4. Nd2 g6 5. Ngf3 Bg7 6. e4 O-O 7. e5 Ng4 8. h3 Nh6 9. Qe2 f6 10. exf6 exf6 11. Qd1 Nf5 12. Be2 Nc6 13. O-O Be6 14.
c3 Qd7 15. d4 cxd4 16. cxd4 Rac8 17. Rc1 Nb4 18. Ba3 a5 19. Nb1 Nxa2 20. Rxc8 Rxc8 21.
Qd2 Nb4 22. Bxb4 axb4 23. Qxb4 Bf8 24. Qd2 Qc6 25. Bd3 Qb6 26. Qb2 Bb4 27. Kh1 Nd6 28. Qe2 Bf7 29. Qe3 Kg7 30. Qf4 Qa5 31. h4 Qc7 32. h5 Ne8 33. h6+ Kg8 34. Qe3 Qd6 35. g4 Rc7 36. Kg2 Re7 37. Qc1 Rc7 38. Qe3 Re7 39.
Qc1 Qd7 40. Qd1 Qxg4+ 41. Kh2 Bd6+ 42. Kh1 Qh3+ 43. Kg1 Re4 44. Bxe4 dxe4 45. Nbd2 Qg4+ 46. Kh1 Qh5+ 47. Kg1 Bd5 48. Qe2 Qg4+ 49. Kh1 Kf7 50. Ne5+ Bxe5 51. Qxg4 e3+ 52. Nf3 f5 53. Qg2 Bf6 54.
Ng5+ Bxg5 55. Qxd5+ Kf8 56. Qe5 Bxh6 57. Qh8+ Kf7 58.
Qxh7+ Bg7 59. fxe3 Nd6 60. Qh3 Ne4 61. Qg2 g5 62. Qxe4 1-0

[Event "Early-Titled-Tuesday-Blitz-March-26-2024"]
[Site "Chess.com"]
[Date "2024.03.26"]
[Round "1"]
[White "Byniolus"]
[Black "ljuks68"]
[Result "1-0"]
[WhiteElo "2745"]
[BlackElo "2411"]
[TimeControl "180+1"]
[EndTime "8:08:07 PDT"]
[Termination "Byniolus won on time"]

1. d4 d5 2. Nf3 Nf6 3. Bf4 c5 4. c3 Nc6 5. Nbd2 Qb6 6. Qb3 c4 7. Qc2 Bg4 8. b3 cxb3 9. Qxb3 e6 10. e3 Bf5 11. Be2 h6 12. O-O Be7 13. c4 dxc4 14.
Qxb6 axb6 15. Nxc4 b5 16. Nd6+ Bxd6 17. Bxd6 b4 18.
Bb5 Ne4 19. Bxb4 f6 20. Rfc1 Rc8 21. h3 Kf7 22. Be1 Ne7 23. Bd7 Rxc1 24. Rxc1 Ra8 25. a4 Nd5 26. Bb5 Nd6 27. Nd2 Nxb5 28. axb5 Bd3 29. e4 Nf4 30. Rc7+ Kg6 31. Kh2 Ra1 32. Nf3 Bxe4 33. Nh4+ Kh7 34. Bd2 Nd3 35. f3 Bd5 36. g4 Rb1 37. Ng2 Rxb5 38. Ne3 Rb2 39. Rc2 Rxc2 40. Nxc2 Bxf3 41. Kg3 Bd5 42. Nb4 g5 43. Nxd3 Kg6 44. Nc5 f5 45. Nd7 f4+ 46. Kf2 Kf7 47. Bb4 Be4 48. Nc5 Bc6 49. Nd3 Kf6 50. Ne5 Bd5 51. Bf8 h5 52. gxh5 Be4 53. h6 g4 54.
Bg7+ Kg5 55. hxg4 1-0

[Event "Early-Titled-Tuesday-Blitz-March-26-2024"]
[Site "Chess.com"]
[Date "2024.03.26"]
[Round "1"]
[White "semchik73"]
[Black "monomita"]
[Result "0-1"]
[WhiteElo "2410"]
[BlackElo "2743"]
[TimeControl "180+1"]
[EndTime "8:08:07 PDT"]
[Termination "monomita won by resignation"]

1. Nf3 d5 2. c4 c6 3. e3 Nf6 4. Nc3 g6 5. d4 Bg7 6. Be2 O-O 7. O-O Bg4 8. Ne5 Bxe2 9. Qxe2 e6 10. f4 Nbd7 11.
b3 Nxe5 12. fxe5 Nd7 13. Ba3 Re8 14. Qf3 f5 15. exf6 Nxf6 16. Rad1 Qa5 17. Bb2 Rf8 18. Qh3 Rae8 19. Rf3 Qb4 20. Nb1 dxc4 21. Ba3 Qa5 22. Bxf8 Kxf8 23. bxc4 Qxa2 24. Rdf1 Kg8 25. R3f2 Qb3 26.
Nd2 Qd3 27. Qf3 Rf8 28. Qe2 Qc3 29. h3 a5 30. Kh2 Qb4 31. e4 Nh5 32. Rxf8+ Bxf8 33. e5 Bh6 34. Ne4 Kg7 35. Qf3 Qe7 36.
Nd6 Bf4+ 37. g3 Bxg3+ 38. Kg2 Bf4 39. Qg4 a4 40. Rxf4 Nxf4+ 41. Qxf4 b5 42. cxb5 cxb5 43. Nxb5 Qb7+ 44. Qf3 Qxb5 45. Qf6+ Kg8 46. Qxe6+ Kf8 47. Qd6+ Ke8 48. Qe6+ Kd8 49. Qg8+ Kc7 50. Qxh7+ Qd7 51.
Qg8 a3 52. Qc4+ Qc6+ 53. Qxc6+ Kxc6 54. e6 Kd6 55. e7 Kxe7 56. d5 Kd6 57. Kf3 a2 58.
Kf4 a1=Q 59. Kg5 Qg1+ 60. Kf6 Kxd5 61. h4 Qg4 62. Kg7 g5 63. Kg6 gxh4+ 64. Kh6 h3 0-1

[Event "Early-Titled-Tuesday-Blitz-March-26-2024"]
[Site "Chess.com"]
[Date "2024.03.26"]
[Round "1"]
[White "eljanov"]
[Black "Practical-Play"]
[Result "1/2-1/2"]
[WhiteElo "2908"]
[BlackElo "2516"]
[TimeControl "180+1"]
[EndTime "8:08:08 PDT"]
[Termination "Game drawn - insufficient material"]

1. e4 e5 2. Nf3 Nc6 3. Bc4 Nf6 4. d3 h6 5. O-O d6 6. a4 g5 7. a5 Ne7 8. a6 b6 9. Nc3 Ng6 10. d4 g4 11. dxe5 gxf3 12. exf6 Ne5 13. Bb3 fxg2 14. Kxg2 Rg8+ 15. Kh1 Bh3 16. Rg1 Rxg1+ 17. Qxg1 Qxf6 18.
Qg3 Be6 19. f4 Bxb3 20. cxb3 Nd7 21. Nd5 Qd8 22. Be3 c6 23. Nb4 Qe7 24. Qf3 d5 25. Nxc6 Qxe4 26. Qxe4+ dxe4 27. b4 Nb8 28. Ne5 Bxb4 29. Ra4 Bd6 30. Rxe4 Kf8 31. f5 Nxa6 32. Bxh6+ Kg8 33. Ng4 Kh7 34. Bd2 Nc5 35. Rd4 Be7 36. Bc3 f6 37. b4 Na4 38. Bd2 Rd8 39. Rxd8 Bxd8 40. Kg2 Nb2 41. Bc3 Nc4 42. Bxf6 Bxf6 43. Nxf6+ Kg7 44. Nd5 Nd6 45. f6+ Kf7 46. h4 Ke6 47.
Nc7+ Kxf6 48. Kf3 Nf5 49. h5 Kg5 50. Ke4 Nd6+ 51. Kd5 Nc8 52. Kc6 Kxh5 53. Kb7 Ne7 54.
Ka6 Nc6 55. b5 Nd4 56. Kxa7 Nxb5+ 57. Nxb5 Kg5 58. Kxb6 1/2-1/2

[Event "Early-Titled-Tuesday-Blitz-March-26-2024"]
[Site "Chess.com"]
[Date "2024.03.26"]
[Round "1"]
[White "CFalcons8"]
[Black "Aradhya2000"]
[Result "0-1"]
[WhiteElo "2404"]
[BlackElo "2739"]
[TimeControl "180+1"]
[EndTime "8:08:08 PDT"]
[Termination "Aradhya2000 won by resignation"]

1. e4 e5 2. Nf3 Nc6 3. Bb5 a6 4. Ba4 Nf6 5. O-O Be7 6. Re1 b5 7. Bb3 O-O 8. d3 d6 9. a4 Rb8 10. h3 Be6 11. axb5 axb5 12. Bxe6 fxe6 13. Na3 Qe8 14. c3 Nd8 15. b4 Nh5 16. Qb3 Rxf3 17.
gxf3 Qg6+ 18. Kf1 Qf7 19. Ke2 Nc6 20. Be3 d5 21. Nc2 Rf8 22. Kd2 Qxf3 23. exd5 exd5 24.
Rg1 Kh8 25. Ne1 Qf7 26. Ra6 Nd8 27. d4 e4 28. Qd1 Nf4 29. Qg4 Bd6 30. Kc2 Nde6 31.
h4 h5 32. Qd1 Qf5 33. Ng2 Nd3 34. Rf1 Bxb4 35. Rxe6 Qxe6 36. cxb4 Qc6+ 37. Kd2 Ra8 38. Qb3 Qc4 39. Qxc4 bxc4 40. Nf4 Ra2+ 41. Kc3 Ra3+ 42.
Kc2 Nxb4+ 43. Kd1 Ra1+ 44. Ke2 Ra2+ 45. Kd1 c3 46. Bc1 Nd3 47. Nxd3 exd3 48. Re1 d2 49.
Re8+ Kh7 50. Re5 Ra1 0-1

[Event "Early-Titled-Tuesday-Blitz-March-26-2024"]
[Site "Chess.com"]
[Date "2024.03.26"]
[Round "1"]
[White "cthulhuuu"]
[Black "Harry_Rakkel"]
[Result "0-1"]
[WhiteElo "2400"]
[BlackElo "2730"]
[TimeControl "180+1"]
[EndTime "8:08:09 PDT"]
[Termination "Harry_Rakkel won by checkmate"]

1. e4 c6 2. d3 d5 3. Nd2 e5 4.
Ngf3 Bd6 5. d4 exd4 6. exd5 Nf6 7. dxc6 Nxc6 8. Nb3 Bb4+ 9. Bd2 Qe7+ 10. Be2 Bxd2+ 11. Qxd2 Ne4 12. Qf4 g5 13. Qc1 Qb4+ 14. c3 dxc3 15.
O-O cxb2 16. Qxb2 O-O 17. Bd3 Qc3 18. Qe2 f5 19. Bxe4 fxe4 20. Nxg5 Bf5 21. Nxe4 Qe5 22. Qc4+ Kh8 23. Ng3 Be6 24. Qh4 Rf4 25. Qh6 Raf8 26. Rae1 R4f6 27. Qxf8+ Rxf8 28. Rxe5 Nxe5 29. Re1 Bxb3 30.
axb3 Nd3 31. Re7 Rxf2 32. Rxb7 Ra2 33. h4 Nf4 34. Nf5 Rxg2+ 35. Kf1 h5 36. Rb4 Rg4 37.
Nh6 Rxh4 38. Nf5 Rg4 39. Ne3 Rh4 40. Rb8+ Kh7 41. Rb7+ Kg6 42. Rxa7 Rh2 43. Ra6+ Kg5 44. Ra5+ Kh4 45. Ra4 Kg3 46. Nf5+ Kf3 47. Nd4+ Kg3 48.
Nf5+ Kg4 49. Ne3+ Kf3 50. Ng2 Rh1# 0-1

[Event "Early-Titled-Tuesday-Blitz-March-26-2024"]
[Site "Chess.com"]
[Date "2024.03.26"]
[Round "1"]
[White "quizden37"]
[Black "AA95"]
[Result "1-0"]
[WhiteElo "2846"]
[BlackElo "2468"]
[TimeControl "180+1"]
[EndTime "8:08:12 PDT"]
[Termination "quizden37 won by resignation"]

1. Nf3 Nf6 2. g3 g6 3. Bg2 Bg7 4. O-O O-O 5. c4 c6 6. d3 d5 7. Qc2 Bf5 8. Nbd2 Na6 9. a3 Nc5 10. b4 Ne6 11. Bb2 a5 12. h3 Nc7 13. e4 Be6 14. exd5 cxd5 15. c5 axb4 16. axb4 Nb5 17. Rfe1 d4 18. Rxa8 Qxa8 19. Nxd4 Nxd4 20. Bxd4 Rd8 21.
Qb2 Qc8 22. Nc4 Qd7 23. Be5 Qxd3 24. Na5 Bd5 25. Qc3 Bxg2 26. Qxd3 Rxd3 27. Kxg2 Nd5 28. b5 Nc3 29. c6 bxc6 30. bxc6 Bxe5 31. Rxe5 Nd5 32.
Nb7 e6 33. Re2 Rc3 34. Na5 Rc5 35. Ra2 Nb4 36. Nb7 Rxc6 37. Ra8+ Kg7 38. Nd8 Rc2 39. Ra7 Nd3 40. Rxf7+ Kg8 41. Rf6 Ne1+ 42. Kf1 Nd3 43.
Nxe6 Rc8 44. Ng5 Ne5 45. Re6 Nc4 46. Re7 h6 47. Ne6 h5 48. Rg7+ Kh8 49. Rxg6 Rc6 50. Nf4 Rc7 51. Rh6+ Kg7 52. Rxh5 Kf6 53. Nd5+ Kg6 54.
Nxc7 Kxh5 55. Nd5 Ne5 56. Kg2 Kh6 57. h4 Nd3 58. g4 Nc5 59. Kg3 Ne4+ 60. Kf3 Nd2+ 61.
Kf4 Nb3 62. Ne3 Nd4 63. Nf5+ Nxf5 64. Kxf5 Kg7 65. h5 1-0

[Event "Early-Titled-Tuesday-Blitz-March-26-2024"]
[Site "Chess.com"]
[Date "2024.03.26"]
[Round "1"]
[White "ilya2700"]
[Black "NelsonLinda"]
[Result "1-0"]
[WhiteElo "2342"]
[BlackElo "2637"]
[TimeControl "180+1"]
[EndTime "8:08:15 PDT"]
[Termination "ilya2700 won by checkmate"]

1. d4 Nf6 2. c4 c5 3. d5 b5 4. cxb5 a6 5. b6 e6 6. Nc3 exd5 7. Nxd5 Nxd5 8. Qxd5 Nc6 9. e4 Be7 10. Bc4 O-O 11.
Nf3 Qxb6 12. O-O Rb8 13. Qh5 Nd8 14. Bg5 Bxg5 15. Nxg5 Qg6 16. Qxg6 hxg6 17. b3 Nc6 18. Rfd1 Nd4 19. Nf3 Ne6 20. Rd6 a5 21. Ne5 a4 22.
bxa4 Rb4 23. a5 f6 24. Bxe6+ dxe6 25. Nxg6 Re8 26. f3 Ra4 27. Rc6 Rxa5 28. Rxc8 Rxc8 29. Ne7+ Kf7 30. Nxc8 Ra6 31. a4 Rc6 32. Na7 Ra6 33.
Nb5 c4 34. Kf2 Ra8 35. Ke3 Rd8 36. a5 Rd3+ 37. Ke2 Rb3 38. Nd4 Rb2+ 39. Ke3 Rb8 40. a6 Ra8 41. Kd2 Ke7 42. Kc3 Kd6 43. Kxc4 g6 44.
a7 e5 45. Nb5+ Kc6 46. Kb4 Kb6 47. Rd1 Rc8 48. Rd6+ Kb7 49. Rxf6 Rg8 50. Rf7+ Kb6 51. Rf6+ Kb7 52. h4 Ka8 53. Ka5 Kb7 54. Rf7+ Ka8 55.
Ka6 Rc8 56. Nc7+ Rxc7 57. Rxc7 g5 58. Rc8# 1-0

[Event "Early-Titled-Tuesday-Blitz-March-26-2024"]
[Site "Chess.com"]
[Date "2024.03.26"]
[Round "1"]
[White "Bykov_Egor"]
[Black "Kapitan_Bayan"]
[Result "1-0"]
[WhiteElo "2628"]
[BlackElo "2280"]
[TimeControl "180+1"]
[EndTime "8:08:19 PDT"]
[Termination "Bykov_Egor won by checkmate"]

1. e4 c5 2. Nf3 d6 3. d4 cxd4 4.
Nxd4 Nf6 5. Nc3 a6 6. Bg5 e6 7. f4 h6 8. Bxf6 Qxf6 9. Qd2 g5 10.
fxg5 hxg5 11. O-O-O Qf4 12. Qxf4 gxf4 13. Nf3 Nc6 14.
Bc4 b5 15. Bb3 Bb7 16. Ne2 Na5 17. Rhf1 Nxb3+ 18. axb3 Bxe4 19. Nxf4 Bh6 20. Nd2 Bxf4 21. Rxf4 Bxg2 22. Rg1 Rxh2 23. Rf2 Rh1 24. Rxg2 Rxg1+ 25. Rxg1 Ke7 26. Kd1 Rh8 27. Nf3 Rh3 28. Nd4 Rh4 29. Nc6+ Kd7 30. Na5 Rd4+ 31. Ke2 Rh4 32. Rg3 Kc7 33.
c3 Rh2+ 34. Kd3 Rxb2 35. Rg7 Rf2 36. Ke3 Rf1 37. Rg8 Kb6 38. b4 Re1+ 39. Kd2 Rf1 40. Re8 Kc7 41. Re7+ Kc8 42. Ra7 Rf2+ 43. Ke3 Rc2 44.
Kd3 Rf2 45. Rxa6 Kd7 46. Ra7+ Kc8 47. Rb7 Ra2 48. Rxf7 Ra1 49. Re7 Re1 50. Rb7 Ra1 51. Rxb5 Rd1+ 52. Kc2 Re1 53. Kd2 Rh1 54. Rg5 Rh2+ 55.
Kd3 Rh3+ 56. Kc4 d5+ 57. Kd4 Rh4+ 58. Kc5 Rh3 59. c4 dxc4 60. Nxc4 Rc3 61. Rg7 e5 62.
Re7 Kd8 63. Rxe5 Kd7 64. b5 Kc7 65. b6+ Kb7 66. Re7+ Kc8 67. Rc7+ Kb8 68. Rh7 Ka8 69. Kb4 Rc1 70. Na5 Rb1+ 71. Kc5 Rc1+ 72. Kb5 Rb1+ 73. Ka6 Ra1 74. Rh8# 1-0

[Event "Early-Titled-Tuesday-Blitz-March-26-2024"]
[Site "Chess.com"]
[Date "2024.03.26"]
[Round "1"]
[White "savitha1030"]
[Black "PeshkaCh"]
[Result "1-0"]
[WhiteElo "2515"]
[BlackElo "2848"]
[TimeControl "180+1"]
[EndTime "8:08:21 PDT"]
[Termination "savitha1030 won by checkmate"]

1. Nf3 Nf6 2. g3 g6 3. Bg2 Bg7 4. O-O O-O 5. Nc3 c5 6. d4 cxd4 7. Nxd4 Nc6 8. Nxc6 bxc6 9. Bg5 Rb8 10. Rb1 Qa5 11.
Bf4 e5 12. Qd6 Rxb2 13. Rxb2 exf4 14. Qb4 Qe5 15. gxf4 Qh5 16. Rb3 a5 17. Qd6 Ba6 18. Rfb1 Bxe2 19. Rb8 Ne8 20. Qe7 Bxc3 21. Rxe8 Rxe8 22.
Qxe8+ Kg7 23. Rb8 Kh6 24. Qe3 Bf6 25. f5+ Bg5 26. Qe5 Bf3 27. fxg6 Qxg6 28. Qg3 Bxg2 29. Kxg2 Qxc2 30. Rg8 Qe4+ 31. Kg1 Qe1+ 32. Kg2 Qe4+ 33.
Qf3 Qxf3+ 34. Kxf3 Be7 35. Ra8 Bb4 36. Ra7 d5 37.
Rxf7 Kg6 38. Rc7 c5 39. Ke3 c4 40. Kd4 Kf5 41. Kxd5 c3 42. Kd4 Kf4 43. Kd3 Kf3 44.
Rf7+ Kg2 45. Rxh7 Kxf2 46. h4 Ke1 47. Kc2 Kf2 48. h5 Kg3 49. h6 Bf8 50. Rh8 Be7 51.
h7 Kh4 52. Rg8 Bf6 53. h8=Q+ Bxh8 54. Rxh8+ Kg5 55. Rc8 Kf6 56. Rxc3 Ke6 57. Rd3 Ke5 58. Kb3 Ke4 59. Rd1 Ke5 60. Ka4 Ke4 61. Kxa5 Ke5 62.
Kb5 Ke6 63. a4 Ke7 64. a5 Ke8 65. a6 Ke7 66. a7 Ke8 67. Rd6 Ke7 68. Rb6 Kd7 69.
a8=Q Kc7 70. Qa7+ Kc8 71. Rb8# 1-0

[Event "Early-Titled-Tuesday-Blitz-March-26-2024"]
[Site "Chess.com"]
[Date "2024.03.26"]
[Round "1"]
[White "dretch"]
[Black "sjoerd893"]
[Result "1/2-1/2"]
[WhiteElo "2876"]
[BlackElo "2497"]
[TimeControl "180+1"]
[EndTime "8:08:22 PDT"]
[Termination "Game drawn - insufficient material"]

1. d4 d5 2. c4 c6 3. Nc3 Nf6 4.
e3 e6 5. Bd3 Nbd7 6. e4 dxe4 7.
Nxe4 Nxe4 8. Bxe4 Nf6 9. Bc2 c5 10. Nf3 cxd4 11. O-O Bc5 12. Qd3 O-O 13. Bg5 g6 14.
Rad1 b6 15. Nxd4 Qxd4 16. Qxd4 Bxd4 17. Rxd4 Kg7 18. Rfd1 e5 19. Rd6 Be6 20. b3 Rac8 21. a4 Rc7 22. h3 Rfc8 23. Bc1 Ne8 24. R6d2 f6 25. Be4 Kf7 26. Ba3 f5 27. Bb1 Rc6 28. f3 a6 29. Bb2 Rc5 30. Re1 b5 31. cxb5 axb5 32. b4 Rc4 33. Ba2 Rxb4 34. Bxe6+ Kxe6 35. Rxe5+ Kf7 36. Rd7+ Kg8 37. Rxb5 Rxb5 38. axb5 Rb8 39.
Re7 Nd6 40. Be5 Rb6 41. Re6 Nc4 42. Rxb6 Nxb6 43. Bc7 Nc4 44. Kf2 Kf7 45. Ke2 Ke6 46. Kd3 Kd5 47. b6 Na5 48. h4 Kc6 49. Kd4 Nb7 50. Ke5 Nc5 51. Kf6 Nd3 52. g4 Ne1 53. gxf5 Nxf3 54. h5 gxh5 55. Kg7 Nd4 56. f6 Ne6+ 57. Kh6 h4 58. Kh5 h3 59. Bh2 Kxb6 60. Kg4 Kc6 61. Kxh3 Kd7 62. Kg4 Ke8 63. Kf5 Kf7 64. Bg3 Nf8 65. Kg5 Nd7 66. Bh4 Nxf6 67.
Kh6 Ng8+ 68. Kxh7 1/2-1/2

[Event "Early-Titled-Tuesday-Blitz-March-26-2024"]
[Site "Chess.com"]
[Date "2024.03.26"]
[Round "1"]
[White "Andrei_Skvortsov"]
[Black "Taran2004"]
[Result "1-0"]
[WhiteElo "2729"]
[BlackElo "2396"]
[TimeControl "180+1"]
[EndTime "8:08:25 PDT"]
[Termination "Andrei_Skvortsov won by checkmate"]

1. e4 c6 2. e5 d5 3. d4 c5 4. Nc3 e6 5. Nf3 Nc6 6. dxc5 Bxc5 7. Bb5 Ne7 8. O-O a6 9. Bd3 Ng6 10. Re1 Qc7 11. Qe2 Nd4 12. Nxd4 Bxd4 13. Bxg6 hxg6 14.
Qd3 Bxc3 15. bxc3 b5 16. Ba3 Bb7 17. Bd6 Qc4 18. a4 Qxd3 19. cxd3 Kd7 20. Rab1 Bc6 21. a5 f5 22. Rb4 g5 23. f4 g4 24. g3 Rh5 25. Rb2 g5 26. fxg5 Rxg5 27. Rf1 Rh5 28. Rf4 Rc8 29. Kf1 Ba8 30. Bb4 Rch8 31. Rff2 Rc8 32.
Ke2 Rhh8 33. Ke3 Rc6 34. Kd4 Rcc8 35. Rfc2 Ke8 36. Rb1 Kf7 37. Rh1 Rh3 38. Rg1 Kg6 39. Bc5 Rh7 40. Bb6 Rh3 41. Rb2 f4 42. gxf4 Kf5 43. Rg3 Rch8 44. Rbg2 R8h4 45. Rxh3 gxh3 46. Rg8 Rxf4+ 47. Ke3 d4+ 48. Bxd4 Rf3+ 49. Ke2 Bd5 50. Rf8+ Kg4 51. Rg8+ Kf5 52. c4 bxc4 53. dxc4 Be4 54. Rf8+ Kg4 55. Rxf3 Bxf3+ 56. Ke3 Bc6 57. Bc3 Kf5 58.
Kd4 Kf4 59. Kc5 Ba4 60. Kd6 Bb3 61. c5 Kf3 62. c6 Kg2 63. c7 Kxh2 64. c8=Q Kg2 65.
Qg8+ Kf1 66. Qf7+ Kg2 67. Qg6+ Kh1 68. Bd4 h2 69. Qg3 Bd5 70. Ke7 Bg2 71. Kf6 Bd5 72. Kg5 Be4 73. Kf4 Bd5 74. Ke3 Be4 75. Kf2 Bd5 76. Qg5 Bb3 77. Qc1+ Bd1 78. Qxd1# 1-0

[Event "Early-Titled-Tuesday-Blitz-March-26-2024"]
[Site "Chess.com"]
[Date "2024.03.26"]
[Round "1"]
[White "Stanbad1"]
[Black "Tol_Tol"]
[Result "0-1"]
[WhiteElo "2648"]
[BlackElo "2347"]
[TimeControl "180+1"]
[EndTime "8:08:26 PDT"]
[Termination "Tol_Tol won by resignation"]

1. d4 Nf6 2. c4 g6 3. Nc3 Bg7 4. e4 O-O 5. h3 d6 6. Be3 c5 7.
Nf3 cxd4 8. Nxd4 Nc6 9. Be2 a6 10. O-O Nxd4 11. Bxd4 Be6 12. b3 Rc8 13. Rc1 Qa5 14. f3 Nh5 15. Re1 Qg5 16. Bxg7 Bxh3 17. Bf1 Kxg7 18. Qd5 e5 19. Ne2 Rc7 20. Rcd1 Be6 21.
Qxd6 Rd7 22. Qc5 Rxd1 23. Rxd1 Rc8 24. Qf2 Rd8 25. Rxd8 Qxd8 26. Qe1 Qd6 27. Qc3 Qc5+ 28.
Kh2 Nf6 29. Qd2 h6 30. g3 g5 31. Kg2 Nd7 32. Nc3 Qd4 33. Qxd4 exd4 34. Nd5 Bxd5 35. cxd5 Kf6 36. Kf2 Ke5 37. Bd3 Nc5 38. Ke2 a5 39.
Bc2 h5 40. Kf2 h4 41. gxh4 gxh4 42. Kg2 Kf4 43. Bd1 Nd7 44. Kf2 h3 45. Be2 Ne5 46.
a3 d3 47. Bd1 b6 48. b4 axb4 49. axb4 f5 50. exf5 Kxf5 51. Kg3 Nc4 52. Kxh3 Nb2 53. Bb3 d2 54. Kg3 d1=Q 55. Bxd1 Nxd1 56. d6 Ke6 57. Kf4 Kxd6 58. Ke4 Nc3+ 59. Kd3 Nd5 60. Kd4 Nxb4 61.
Kc4 Nd5 62. Kb5 Ke5 63. Kc6 Kd4 64. f4 Kc4 65. f5 b5 0-1

[Event "Early-Titled-Tuesday-Blitz-March-26-2024"]
[Site "Chess.com"]
[Date "2024.03.26"]
[Round "1"]
[White "TigrVShlyape"]
[Black "YegoryoCh"]
[Result "1-0"]
[WhiteElo "2901"]
[BlackElo "2497"]
[TimeControl "180+1"]
[EndTime "8:08:28 PDT"]
[Termination "TigrVShlyape won on time"]

1. e4 e5 2. Nf3 Nc6 3. Bb5 a6 4. Ba4 d6 5. c3 Bd7 6. O-O g5 7.
d4 g4 8. Ne1 h5 9. d5 Nce7 10.
f4 exf4 11. Bxf4 Ng6 12. Be3 Bg7 13. Nd2 N8e7 14. Nd3 O-O 15. Bd4 f5 16. Bxg7 Kxg7 17. Bxd7 Qxd7 18. exf5 Rxf5 19. c4 Raf8 20. Qc2 c6 21.
Qc3+ Kh7 22. Rxf5 Rxf5 23. dxc6 Qxc6 24. Rf1 Nh4 25. Ne1 Qc5+ 26. Kh1 Rxf1+ 27. Nxf1 Qf2 28.
Ng3 Nef5 29. b4 Ne3 30. Qd3+ Kg8 31. Qe2 Qxe2 32. Nxe2 Nxc4 33. Nf4 Nf5 34. Nxh5 Nfe3 35.
h3 gxh3 36. gxh3 Kf7 37. Kg1 Kg6 38. Ng3 Ne5 39. Kf2 Nd5 40. a3 Nc3 41. Ke3 Kf6 42. Ne4+ Nxe4 43. Kxe4 Nc4 44. Nc2 Ke6 45. Nd4+ Kf6 46.
a4 Nb6 47. a5 Na4 48. Kd5 Ke7 49. Nf5+ Kd7 50. Nxd6 Nc3+ 51. Ke5 Na2 52. h4 Nxb4 53.
Nc4 Nc6+ 54. Kf6 Ne7 55. h5 Nd5+ 56. Kf7 Ne7 57. h6 Nf5 58. h7 1-0

[Event "Early-Titled-Tuesday-Blitz-March-26-2024"]
[Site "Chess.com"]
[Date "2024.03.26"]
[Round "1"]
[White "BigAl"]
[Black "stollenmonster"]
[Result "0-1"]
[WhiteElo "2505"]
[BlackElo "2911"]
[TimeControl "180+1"]
[EndTime "8:08:32 PDT"]
[Termination "stollenmonster won on time"]

1. Nf3 Nf6 2. g3 e6 3. Bg2 d5 4. O-O Be7 5. d3 O-O 6. Nbd2 d4 7. Nb3 c5 8. c3 Nc6 9. cxd4 cxd4 10. Bf4 Nd5 11. Bd2 e5 12. Rc1 Be6 13. Nc5 Bxc5 14. Rxc5 h6 15. a3 Qd6 16. Rc1 Rac8 17. Nh4 Nce7 18. Qa4 a6 19. h3 Kh7 20. Kh2 f5 21. Rxc8 Rxc8 22. Rc1 Rxc1 23. Bxc1 Nc6 24. Bd2 Nde7 25.
Qc2 Bd5 26. Bxd5 Qxd5 27. Ng2 Ng6 28. b4 e4 29. Nf4 Nxf4 30. Bxf4 g5 31. Bc7 Kg7 32.
Bb6 h5 33. Kg1 Kf7 34. Qd2 Kg6 35. h4 f4 36. gxf4 gxh4 37. dxe4 Qxe4 38. f3 Qb1+ 39. Kh2 h3 40. Bxd4 Qf1 41. e3 Qxf3 42. Qc2+ Kh6 43. Bf6 Qxe3 44. Bg5+ Kg7 45. Qf5 Qe2+ 46. Kxh3 Qf1+ 47.
Kh2 Qe2+ 48. Kh1 Qd1+ 49. Kh2 Qd6 50. Qe4 Nd4 51. Kg2 Qc6 52. Qxc6 Nxc6 53. Kh3 Kg6 54. Kh4 Nd4 55. Bd8 Nc2 56. Bg5 Nxa3 57. Kg3 Kf5 58.
Be7 Nc2 59. Kf3 Nd4+ 60. Ke3 Ne6 61. Kd3 Nxf4+ 62. Kc4 Ng6 63. Bd8 Ne5+ 64. Kc5 Nc6 65. Kb6 Nxd8 0-1

[Event "Early-Titled-Tuesday-Blitz-March-26-2024"]
[Site "Chess.com"]
[Date "2024.03.26"]
[Round "1"]
[White "PedroGil25"]
[Black "superchess02"]
[Result "0-1"]
[WhiteElo "2471"]
[BlackElo "2849"]
[TimeControl "180+1"]
[EndTime "8:08:36 PDT"]
[Termination "superchess02 won by resignation"]

1. Nf3 Nf6 2. b3 d5 3. Bb2 Bf5 4. g3 e6 5. Bg2 Bd6 6. O-O Nbd7 7. d3 h6 8. Nbd2 Bh7 9. Re1 e5 10. e4 d4 11. Nc4 Qe7 12. c3 dxc3 13. Bxc3 O-O 14.
Rc1 Rad8 15. Qe2 Rfe8 16. Qb2 b5 17. Nxd6 Qxd6 18. b4 g5 19. Rcd1 g4 20. Nh4 Nb6 21.
Nf5 Bxf5 22. exf5 Na4 23. Qa1 Nxc3 24. Qxc3 Re7 25. a3 Kg7 26. Qc6 Qxc6 27. Bxc6 a6 28. d4 Rd6 29. Bg2 Red7 30. Rxe5 Rxd4 31. Rxd4 Rxd4 32.
Re3 Rd1+ 33. Bf1 Rc1 34. Kg2 Nd5 35. Rd3 Nb6 36. Be2 h5 37. h3 Rc4 38. hxg4 hxg4 39.
Re3 Rd4 40. Rc3 Nc4 41. Bxc4 Rxc4 42. Rd3 Kf6 43. Rd5 Rc3 44. Rd4 Rc4 45. Rd5 c6 46.
Rd7 Rc3 47. Rc7 Rxa3 48. Rxc6+ Kxf5 49. Rc5+ Kg6 50. Rc6+ f6 51. Kf1 Kg5 52. Ke2 Kf5 53.
Kf1 Ke5 54. Ke2 f5 55. Rc5+ Ke4 56. Rc6 Ra2+ 57. Kf1 Ra4 58. Re6+ Kd5 59. Rf6 Ke5 60. Rc6 Ra1+ 61. Ke2 Ra2+ 62. Kf1 Ra3 63. Rc5+ Ke4 64.
Rc6 Ra4 65. Re6+ Kd3 66. Rf6 Rxb4 67. Rxa6 Rd4 68. Rb6 Rd5 69. Ke1 Kc3 70. Rc6+ Kb3 71. Ke2 b4 72. Ke3 Kb2 73. Kf4 b3 74. f3 gxf3 75.
Kxf3 Kb1 0-1

[Event "Early-Titled-Tuesday-Blitz-March-26-2024"]
[Site "Chess.com"]
[Date "2024.03.26"]
[Round "1"]
[White "Masterisback04"]
[Black "Barmen_EV"]
[Result "1-0"]
[WhiteElo "1991"]
[BlackElo "2550"]
[TimeControl "180+1"]
[EndTime "8:08:39 PDT"]
[Termination "Masterisback04 won by checkmate"]

1. e4 c5 2. Nf3 Nc6 3. c3 Nf6 4. Bd3 d5 5. e5 Nd7 6. Qe2 e6 7. O-O Be7 8. Bc2 g5 9. d4 g4 10. Ne1 cxd4 11. f4 dxc3 12. bxc3 b6 13. Kh1 Qc7 14. Qxg4 Ba6 15. Bd3 Bxd3 16. Nxd3 O-O-O 17. Na3 a6 18. Bb2 h5 19. Qe2 h4 20. Nb4 Nxb4 21.
cxb4 Qb7 22. Nc2 h3 23. g3 d4+ 24. Kg1 Nxe5 25. Nxd4 Ng4 26. Rac1+ Kb8 27. Nc6+ Ka8 28. Qxg4 Bxb4 29. Bxh8 Bc5+ 30. Rxc5 bxc5 31. Qf3 Rd2 32. Na5 Rg2+ 33. Kh1 Qxf3 34. Rxf3 Rxa2 35. Nc4 Rc2 36. Rc3 Re2 37. Rc1 Kb7 38. Nd6+ Kc6 39. Nxf7 a5 40. Ng5 a4 41. Nxh3 Kb5 42. Ng1 Rf2 43. h4 c4 44.
h5 Rd2 45. h6 Rd5 46. g4 a3 47. h7 Rd7 48. Ba1 Rxh7+ 49. Kg2 Rd7 50. Nf3 Kb4 51.
g5 Kb3 52. Ne5 Rd2+ 53. Kf3 a2 54. Nxc4 Rd3+ 55. Ke4 Rh3 56. Nd2+ Kb4 57. g6 Rg3 58. g7 Rg2 59. Nf3 Re2+ 60. Kd3 Rg2 61. Ng5 e5 62.
g8=Q e4+ 63. Kxe4 Re2+ 64. Kd3 Re6 65. Qxe6 Ka3 66. Qc6 Kb3 67. Qc4+ Ka3 68. Rc3# 1-0